 Dungeon Crawl Stone Soup version 0.30-a0-800-g7c544603b3 (webtiles) character file.

Game seed: 9113281126790215768

3010 cheesebisquit the Severer (level 9, -1/72 HPs)
             Began as a Minotaur Berserker on Feb 22, 2023.
             Was a Believer of Trog.
             Slain by Psyche
             ... wielding a +2 dagger of distortion
              (20 damage)
             ... on level 8 of the Dungeon.
             The game lasted 00:18:10 (6075 turns).

cheesebisquit the Severer (Minotaur Berserker)      Turns: 6075, Time: 00:18:11

Health: -1/72      AC:  8    Str: 27    XL:     9   Next: 55%
Magic:  8/8        EV: 10    Int:  4    God:    Trog [**....]
Gold:   467        SH:  0    Dex:  9    Spells: 8/8 levels left

rFire   . . .      SeeInvis .    y - +2 hand axe (heavy)
rCold   . . .      Faith    .    (no shield)
rNeg    . . .      Spirit   .    n - +0 scale mail
rPois   .          Reflect  .    (helmet restricted)
rElec   .          Harm     .    (no cloak)
rCorr   .          Rampage  .    (no gloves)
Will    ++...                    j - +0 pair of boots Stlth
                                 (no amulet)
HPRegen 1.32/turn                (no ring)
MPRegen 0.11/turn                (no ring)

@: strong-willed, on berserk cooldown, regenerating, slowed, very slow
A: horns 2, retaliatory headbutt
a: Renounce Religion, Berserk, Trog's Hand


You were on level 8 of the Dungeon.
You worshipped Trog.
Trog was pleased with you.
You visited 1 branch of the dungeon, and saw 8 of its levels.

You collected 467 gold pieces.

Inventory:

Hand Weapons
 y - a +2 heavy hand axe (weapon)
 B - a +0 war axe
Missiles
 i - 6 atropa-tipped darts (quivered)
 k - a boomerang
 F - 13 poisoned darts
Armour
 b - a +0 animal skin
 h - a +0 ring mail
 j - a +0 pair of boots (worn)
 n - a +0 scale mail (worn)
Jewellery
 c - a ring of magical power
 s - a ring of magical power
Wands
 C - a wand of charming (14)
Scrolls
 a - a scroll of blinking {unknown}
 d - 3 scrolls of identify {unknown}
 g - a scroll of magic mapping {unknown}
 l - a scroll of fog {unknown}
 q - 4 scrolls of teleportation {unknown}
 r - a scroll of enchant armour {unknown}
 v - 2 scrolls of amnesia {unknown}
 w - 2 scrolls of immolation {unknown}
 x - 4 scrolls of poison {unknown}
 D - a scroll of noise {unknown}
Potions
 e - a potion of ambrosia {unknown}
 f - 5 potions of curing
 m - a potion of brilliance {unknown}
 o - a potion of magic
 p - a potion of berserk rage {unknown}
 t - 2 potions of attraction {unknown}
 u - a potion of flight {unknown}
 z - a potion of resistance {unknown}
 A - a potion of mutation {unknown}
 E - a potion of lignification {unknown}


   Skills:
 + Level 4.5 Fighting
 * Level 15.5 Axes
 + Level 3.6 Armour
 - Level 2.1 Dodging


You had 8 spell levels left.
You didn't know any spells.
Your spell library was empty.

Dungeon Overview and Level Annotations

Branches:
Dungeon (8/15)             Temple (0/1) D:5
   Lair: D:8-11

Altars:
Ashenzari
Cheibriados
Dithmenos
Elyvilon
Fedhas
Hepliaklqana
Vehumet
Xom
Yredelemnul
Zin
The Shining One

Annotations:
D:8 Psyche


Innate Abilities, Weirdness & Mutations

You have a pair of horns on your head.
You reflexively headbutt those who attack you in melee.


Message History

The steam dragon breathes steam at you. The ball of steam hits you.
Things that are here:
a +1 dagger of freezing; a +0 robe You hit the steam dragon.
Your headbutt misses the steam dragon.
The steam dragon is lightly wounded.
The steam dragon completely misses you. The steam dragon barely misses you.
You slice the steam dragon!! Your headbutt misses the steam dragon.
The steam dragon is almost dead.
You slash something! Something hits you. Space warps around you.
The steam dragon breathes steam at you. The ball of steam hits you.
Something hits you but does no damage.
You blink.
Your skin crawls.
You feel strong-willed. The steam dragon breathes steam at you.
The ball of steam hits you!
Unknown command.
Something hits you. Space warps horribly around you! Something hits you.
The steam dragon breathes steam at you. The ball of steam hits you!
* * * LOW HITPOINT WARNING * * *
You hear some strange, mumbled words.
A swirling arc of seething chaos appears!
An arc of chaos appears from out of thin air!
The arc of chaos hits the steam dragon but does no damage.
The steam dragon is caught in a web!
The steam dragon struggles to get unstuck from the web.
Something completely misses you.
You hear some strange, mumbled words.
A swirling arc of seething chaos appears!
An arc of chaos appears from out of thin air!
The arc of chaos hits the steam dragon.
The steam dragon tears the web.
You slash the steam dragon!
You kill the steam dragon!
Trog accepts your kill.
The steam dragon scales are intact enough to wear.
You barely miss something. Something completely misses you. Something hits you.
* * * LOW HITPOINT WARNING * * *
Space warps horribly around you!!
You die...

#. #. #. #.###
#...#######
#.)..†...#
#..#####.#
#.[@...#.#
#.{§#§##.#
#...§§...#
#.....#######
#....§§......
#....#########
#............#
#............####
#..#####........#


There were no monsters in sight!

Vanquished Creatures
  A kobold demonologist (D:8)
  An unseen horror (D:7)
  Sigmund (D:3)
  3 yaks (D:7)
  A steam dragon (D:8)
  A sky beast (D:6)
  2 black bears (D:6)
  3 ogres
  A centaur (D:8)
  A phantom (D:7)
  A kobold brigand (D:8)
  4 bullfrogs
  2 scorpions (D:6)
  2 howler monkeys (D:8)
  A hound (D:4)
  2 orc priests
  3 jellies
  Jessica (D:2)
  5 orc wizards
  7 gnolls
  11 adders
  A shadow imp (D:7)
  2 white imps
  An ufetubus (D:5)
  2 worms (D:2)
  4 dart slugs
  19 orcs
  3 endoplasms (D:1)
  4 giant cockroaches
  15 goblins
  10 hobgoblins
  5 kobolds
  4 quokkas
  9 ball pythons
  3 bats
  3 frilled lizards
  9 rats
148 creatures vanquished.

Vanquished Creatures (others)
  23 plants (D:8)
23 creatures vanquished.

Grand Total: 171 creatures vanquished

Notes
Turn   | Place    | Note
-------+----------+-------------------------------------------
     0 | D:1      | cheesebisquit the Minotaur Berserker began the quest for
                  | the Orb.
     0 | D:1      | Reached XP level 1. HP: 19/19 MP: 0/0
   113 | D:1      | Reached skill level 4 in Axes
   159 | D:1      | Reached XP level 2. HP: 23/26 MP: 1/1
   304 | D:1      | Reached skill level 5 in Axes
   400 | D:1      | Reached ** piety under Trog
   435 | D:1      | Reached XP level 3. HP: 31/31 MP: 2/2
   449 | D:1      | Found a faded altar of an unknown god.
  1287 | D:2      | Reached skill level 6 in Axes
  1287 | D:2      | Reached XP level 4. HP: 23/39 MP: 3/3
  1776 | D:2      | Noticed Jessica
  1779 | D:2      | Killed Jessica
  1780 | D:2      | Reached skill level 7 in Axes
  1780 | D:2      | Reached XP level 5. HP: 41/45 MP: 4/4
  1893 | D:3      | Noticed Sigmund
  1965 | D:3      | Found a blossoming altar of Fedhas.
  1977 | D:3      | Found a basalt altar of Yredelemnul.
  1999 | D:3      | Killed Sigmund
  2000 | D:3      | Reached skill level 8 in Axes
  2000 | D:3      | Reached XP level 6. HP: 51/51 MP: 5/5
  2179 | D:3      | Identified the +5 short sword of the Magi {drain, MP+9
                  | Int+4}
  2316 | D:3      | Found a white marble altar of Elyvilon.
  2630 | D:4      | Reached skill level 9 in Axes
  2877 | D:4      | Reached XP level 7. HP: 57/57 MP: 6/6
  3293 | D:5      | Entered Level 5 of the Dungeon
  3335 | D:5      | Found a glowing silver altar of Zin.
  3335 | D:5      | Found a hazy altar of Hepliaklqana.
  3343 | D:5      | Found a faded altar of an unknown god.
  3345 | D:5      | Found a radiant altar of Vehumet.
  3347 | D:5      | Found a glowing golden altar of the Shining One.
  3389 | D:5      | Reached skill level 10 in Axes
  3930 | D:5      | Found a staircase to the Ecumenical Temple.
  4181 | D:6      | Reached skill level 11 in Axes
  4381 | D:6      | Reached XP level 8. HP: 64/64 MP: 7/7
  4432 | D:6      | Found a shimmering altar of Xom.
  4492 | D:6      | Reached skill level 12 in Axes
  4855 | D:7      | Killed an unseen horror
  4856 | D:7      | Reached skill level 13 in Axes
  4975 | D:7      | Reached skill level 14 in Axes
  4978 | D:7      | Reached XP level 9. HP: 24/70 MP: 8/8
  5278 | D:7      | Found a broken altar of Ashenzari.
  5429 | D:7      | Found a shadowy altar of Dithmenos.
  5509 | D:7      | Reached skill level 15 in Axes
  5715 | D:7      | Found a snail-covered altar of Cheibriados.
  6057 | D:8      | Noticed a kobold demonologist
  6061 | D:8      | Noticed Psyche
  6062 | D:8      | Killed a kobold demonologist
  6075 | D:8      | Slain by Psyche

Illustrated notes

Levels and vault maps discovered:
D:1:      sevenhm_arrival_forest_fort_large_4, layout_basic,
          shapermc_ecumenical_altar_mp_ritualfount,
          amcnicky_mini_rare_corridor_liquid, serial_bayou_pond_e,
          chequers_jeans
D:2:      layout_loops_corners, uniq_jessica
D:3:      layout_rooms, amcnicky_altar_gilded, mainiacjoe_overflow_alcove_4,
          yredelemnul_altar_generic, hangedman_abyss_or_decor_stabs,
          minmay_goblin_outpost, uniq_sigmund
D:4:      layout_basic
D:5:      layout_rooms, chequers_temple_overflow_minitemple,
          lemuel_temple_firewalk_b, kennysheep_generic_room_8
D:6:      layout_basic, kennysheep_mini
D:7:      layout_gridville, mainiacjoe_overflow_cross_hatched,
          grunt_dithmenos_smoke_and_mirrors, mainiacjoe_overflow_surrounded_room
D:8:      layout_basic, david_lair_shrubbed, uniq_maggie, uniq_pikel, uniq_grum,
          uniq_maurice, uniq_psyche

Skill      XL: |  1  2  3  4  5  6  7  8  9 |
---------------+----------------------------+-----
Axes           | 4 5 6 7 8 9 11 14 15 | 15.5
Fighting       | 4 |  4.5
Armour         | 3 |  3.6
Dodging        | |  2.1

Action                     |  1- 3 |  4- 6 |  7- 9 || total
---------------------------+-------+-------+-------++-------
  Melee: Hand axe          |    84 |    98 |   139 ||   321
         Headbutt          |     6 |    19 |    19 ||    44
         Punch             |       |     2 |       ||     2
 Invoke: Trog's Hand       |       |     6 |    11 ||    17
         Berserk           |       |     4 |     7 ||    11
    Use: Potion            |       |       |     8 ||     8
 Armour: Animal skin       |    10 |       |       ||    10
         Ring mail         |     6 |     7 |       ||    13
         Scale mail        |       |    23 |    69 ||    92
  Dodge: Dodged            |    51 |    72 |    76 ||   199

Table legend: (Time is in decaauts)
 A = Elapsed time spent in this place.
 B = Non-inter-level travel time spent in this place.
 C = Inter-level travel time spent in this place.
 D = Time resting spent in this place.
 E = Time spent auto-exploring this place.
 F = Levels seen in this place.
 G = Mean time per level.
                   A        B        C        D        E       F      G
               +--------+--------+--------+--------+--------+-----+--------+
         Total |   6139 |   5837 |    302 |    120 |   4716 |   8 |  767.4 |
       Dungeon |   6139 |   5837 |    302 |    120 |   4716 |   8 |  767.4 |
               +--------+--------+--------+--------+--------+-----+--------+

Top non-repeatable levels by time:
     D:7: 1109 daAuts
     D:2: 1043 daAuts
     D:1: 910 daAuts
     D:6: 830 daAuts
     D:4: 800 daAuts
     D:5: 645 daAuts
     D:3: 601 daAuts
     D:8: 197 daAuts
